Map: Ephemeron LE

Players

Vindicta

  • Race: Terran Terran
  • Spawn Location: 11:00

Hellraiser - Winner!

  • Race: Protoss Protoss
  • Spawn Location: 5:00

Event: IEM Katowice 2020

VOD

Have the link to the VOD?

Description

Time

  • Played on: Feb. 25, 2020, 11 a.m.
  • Length: 9:03

All games in this series

Show
View Real Time Build Order
Export as new Build Order

Vindicta Terran 

Build Orders:  

Get SALT Encoding   

  12  0:00  SCV  
  13  0:12  SCV  
  14  0:18  Supply Depot  
  14  0:24  SCV  
  15  0:40  SCV  
  16  0:43  Barracks  
  16  0:54  Barracks  
  16  1:00  Refinery  
  16  1:03  SCV  
  17  1:16  SCV  
  18  1:29  Marine  
  18  1:31  Orbital Command  
  19  1:42  Marine  
  19  1:43  Bunker  
  20  1:48  Marine  
  20  1:53  Supply Depot  
  21  2:00  SCV, Marine  
  23  2:08  Marine  
  23  2:14  SCV  
  24  2:18  Marine  
  25  2:24  Factory  
  25  2:26  SCV  
  25  2:38  SCV  
  25  2:50  SCV  
  24  2:57  Command Center  
  23  3:01  Bunker  
  23  3:03  SCV  
  24  3:07  Widow Mine  
  24  3:11  Supply Depot  
  26  3:15  SCV  
  28  3:27  SCV  
  28  3:29  Factory Tech Lab  
  28  3:33  Starport  
  28  3:39  SCV  
  29  3:46  Barracks  
  32  3:48  Cyclone  
  32  3:51  SCV  
  32  3:54  Refinery  
  31  4:03  SCV  
  31  4:09  Orbital Command  
  32  4:20  Siege Tank  
  36  4:25  Barracks Tech Lab  
  36  4:29  Marine  
  36  4:33  Viking, Orbital Command  
  38  4:40  Command Center  
  38  4:46  Marine  
  38  4:47  Marine  
  38  4:49  SCV  
  41  4:57  Siege Tank  
  45  5:01  SCV  
  45  5:05  Barracks Tech Lab  
  45  5:10  Starport Reactor  
  45  5:12  Marine  
  45  5:13  SCV, Orbital Command  
  47  5:24  Marine  
  47  5:25  SCV  
  49  5:36  Bunker  
  49  5:37  SCV  
  50  5:49  SCV  
  49  5:51  Marine  
  49  5:52  SCV, Orbital Command  
  49  5:56  Marine, Starport Reactor  
  52  5:57  Marine  
  52  6:01  SCV  
  54  6:04  SCV  
  54  6:05  Barracks  
  54  6:08  Marine, Supply Depot  
  56  6:13  SCV  
  56  6:15  Siege Tank  
  56  6:16  SCV  
  61  6:20  Refinery  
  61  6:23  Marine, Refinery  
  63  6:27  Marauder  
  63  6:28  SCV  
  63  6:31  Marine, Engineering Bay  
  62  6:39  Starport Tech Lab  
  60  6:41  Marine  
  59  6:50  SCV  
  59  6:57  Raven  
  58  7:02  Missile Turret  
  58  7:05  Marine x2  
  58  7:12  Missile Turret  
  51  7:20  Barracks Tech Lab  
  51  7:21  SCV x2  
  52  7:28  SCV  
  53  7:30  Missile Turret  
  53  7:35  Marine x2  
  55  7:37  SCV  
  58  7:48  SCV  
  58  7:50  SCV  
  58  7:52  SCV  
  58  7:56  Marine  
  61  8:00  SCV  
  61  8:04  SCV x2  
  62  8:10  Marine  
  62  8:12  SCV  
  64  8:13  Starport Reactor  
  64  8:14  Marine  
  64  8:16  SCV  
  66  8:20  Widow Mine  
  66  8:22  Widow Mine  
  70  8:30  Supply Depot  
  70  8:32  SCV  
  71  8:35  SCV x2  
  71  8:38  Marine x2  
  75  8:42  Widow Mine  
  77  8:51  Supply Depot  
Show
View Real Time Build Order
Export as new Build Order

Hellraiser Protoss - Winner!

Build Orders:  

Get SALT Encoding   

  12  0:00  Probe  
  13  0:12  Probe  
  14  0:17  Pylon  
  14  0:24  Probe (Chrono Boost)  
  16  0:37  Probe (Chrono Boost), Gateway  
  16  0:43  Probe (Chrono Boost)  
  16  0:46  Assimilator  
  17  0:51  Probe  
  18  1:03  Probe  
  19  1:15  Probe  
  20  1:23  Cybernetics Core  
  20  1:30  Probe  
  20  1:31  Pylon, Zealot (Chrono Boost)  
  23  1:44  Assimilator  
  23  1:49  Zealot (Chrono Boost)  
  25  2:01  Probe  
  26  2:13  Stalker (Chrono Boost)  
  25  2:22  Probe  
  27  2:23  Shield Battery  
  27  2:34  Probe, Warp Gate  
  27  2:35  Stalker  
  30  2:46  Probe  
  31  2:55  Assimilator  
  31  2:59  Nexus  
  31  3:02  Pylon  
  31  3:13  Robotics Facility  
  31  3:20  Probe  
  32  3:27  Gateway  
  32  3:28  Stalker  
  32  3:29  Gateway  
  32  3:32  Probe  
  35  3:44  Probe  
  34  3:56  Probe  
  34  3:57  Warp Prism (Chrono Boost)  
  38  4:10  Twilight Council  
  38  4:12  Probe (Chrono Boost)  
  38  4:13  Probe (Chrono Boost)  
  39  4:23  Probe (Chrono Boost)  
  41  4:24  Probe (Chrono Boost)  
  41  4:28  Probe (Chrono Boost)  
  41  4:30  Observer  
  41  4:31  Stalker  
  41  4:32  Stalker  
  41  4:34  Probe  
  46  4:40  Probe  
  46  4:44  Pylon  
  47  4:47  Probe  
  47  4:51  Dark Shrine  
  49  4:58  Pylon  
  50  5:04  Zealot x2  
  50  5:05  Zealot  
  54  5:07  Probe  
  54  5:09  Probe  
  54  5:12  Observer  
  57  5:14  Assimilator  
  57  5:19  Probe  
  57  5:21  Probe  
  59  5:29  Assimilator  
  59  5:31  Probe  
  59  5:32  Shield Battery  
  59  5:33  Probe  
  61  5:38  Charge  
  61  5:43  Probe  
  61  5:45  Probe (Chrono Boost)  
  55  5:55  Probe (Chrono Boost)  
  56  5:58  Probe (Chrono Boost)  
  57  6:04  Dark Templar x2  
  57  6:05  Probe (Chrono Boost)  
  57  6:06  Probe (Chrono Boost)  
  57  6:07  Nexus  
  57  6:09  Dark Templar  
  65  6:16  Probe x2  
  66  6:21  Gateway  
  66  6:40  Forge  
  66  6:42  Gateway, Observer  
  66  6:43  Gateway  
  66  6:44  Probe, Forge  
  66  6:45  Gateway  
  66  6:55  Probe  
  66  6:57  Zealot  
  66  7:00  Pylon  
  69  7:02  Gateway  
  69  7:03  Pylon  
  69  7:04  Pylon  
  69  7:06  Probe  
  70  7:13  Protoss Ground Armor Level 1 (Chrono Boost)  
  69  7:16  Protoss Ground Weapons Level 1 (Chrono Boost)  
  69  7:18  Probe, Zealot  
  69  7:19  Zealot x2  
  75  7:23  Probe  
  75  7:25  Observer  
  75  7:31  Probe  
  75  7:32  Probe  
  75  7:35  Pylon  
  77  7:37  Probe  
  77  7:38  Sentry  
  82  7:46  Observer  
  84  7:54  Zealot x4  
  84  7:55  Zealot x2  
  93  8:03  Zealot x2  
  93  8:05  Pylon  
  97  8:20  Dark Templar x3  
  97  8:21  Dark Templar  
  97  8:22  Sentry  
  97  8:23  Zealot x3  
  97  8:24  Archon x2  
  113  8:40  Nexus  
  113  8:42  Pylon  
  113  8:47  Zealot x2, Stalker x2  

Tags
 
Add a new tag
Caveats
  • Supply blocks, unpowered buildings, or Contaminate may cause inaccurate times.
  • Supply counts are checked every 10 seconds.